 Dungeon Crawl Stone Soup version 0.27-a0-765-ge4d627daa3 (webtiles) character file.

Game seed: 18273590481566327468

646 Lobster4 the Summoner (level 7, -1/37 (41) HPs)
             Began as a Tengu Summoner on Mar 24, 2021.
             Was an Initiate of Cheibriados.
             Slain by a wight
             ... wielding a +0 hand axe
              (2 damage)
             ... on level 6 of the Dungeon on Mar 25, 2021.
             The game lasted 00:28:31 (4742 turns).

Lobster4 the Summoner (Tengu Summoner)              Turns: 4742, Time: 00:28:32

HP:   -1/37 (41)    AC: 12    Str: 10    XL:     7   Next: 52%
MP:   5/14          EV: 13    Int: 18    God:    Cheibriados [......]
Gold: 170           SH:  0    Dex: 15    Spells: 11/14 levels left

rFire    . . .     SeeInvis .   a - +2 flail (protect)
rCold    . . .     Faith    .   (no shield)
rNeg     . . .     Spirit   .   d - +0 robe
rPois    .         Reflect  .   (helmet restricted)
rElec    .         Harm     .   (no cloak)
rCorr    .         Rampage  .   k - +2 pair of gloves
Will     .....                  (boots unavailable)
Stlth    ++........             g - amulet of regeneration
HPRegen  1.12/turn              (no ring)
MPRegen  0.14/turn              (no ring)

@: protection aura, drained, very slow
A: beak, talons 3, able to fly
a: Fly, Renounce Religion, Bend Time


You were on level 6 of the Dungeon.
You worshipped Cheibriados.
Cheibriados was noncommittal.
You visited 2 branches of the dungeon, and saw 7 of its levels.

You collected 170 gold pieces.

Inventory:

Hand Weapons
 a - a +2 flail of protection (weapon)
 b - a +0 hunting sling
Missiles
 c - 107 stones
 e - 39 arrows
 j - 48 poisoned darts (quivered)
 l - 92 sling bullets
 p - 25 bolts
 v - 2 boomerangs of dispersal
Armour
 d - a +0 robe (worn)
 k - a +2 pair of gloves (worn)
Magical Staves
 y - a staff of conjuration
Jewellery
 g - an amulet of regeneration (around neck)
Scrolls
 f - 5 scrolls of teleportation {unknown}
 h - 2 scrolls of magic mapping {unknown}
 o - a scroll of torment {unknown}
 q - a scroll of fear {unknown}
 r - a scroll of summoning {unknown}
 w - 2 scrolls of enchant weapon {unknown}
 x - a scroll of random uselessness {unknown}
 z - a scroll of silence {unknown}
 A - a scroll of brand weapon {unknown}
Potions
 m - 3 potions of resistance {unknown}
 n - a potion of curing
 s - a potion of heal wounds
 t - 2 potions of might {unknown}
 u - 2 potions of attraction {unknown}


   Skills:
 - Level 3.0 Fighting
 - Level 3.0 Dodging
 - Level 2.0 Stealth
 + Level 4.0 Spellcasting
 * Level 8.4 Summonings
 + Level 0.1 Evocations


You had 11 spell levels left.
You knew the following spells:

 Your Spells              Type           Power      Damage    Failure   Level
a - Summon Small Mammal   Summ           100%       N/A       1%          1
b - Call Imp              Summ           34%        N/A       1%          2

Your spell library contained the following spells:

 Spells                   Type           Power      Damage    Failure   Level
 Call Canine Familiar     Summ           34%        N/A       1%          3
 Summon Guardian Golem    Hex/Summ       18%        N/A       8%          3
 Summon Ice Beast         Ice/Summ       18%        N/A       26%         4
 Summon Lightning Spire   Summ/Air       18%        N/A       26%         4


Dungeon Overview and Level Annotations

Branches:
Dungeon (6/15)             Temple (1/1) D:5

Altars:
Ashenzari
Cheibriados
Dithmenos
Fedhas
Gozag
Kikubaaqudgha
Makhleb
Nemelex Xobeh
Okawaru
Qazlal
Ru
Sif Muna
Trog
Uskayaw
Vehumet
Wu Jian
Xom
Yredelemnul
Zin
The Shining One


Innate Abilities, Weirdness & Mutations

You have a beak for a mouth.
You have claws for feet.
You can fly continuously.


Message History

Unknown command.
You feel better.
Your white imp disappears in a puff of smoke!
Your bat barely misses the wight.
Your bat hits the wight but does no damage.
The wight hits you with a +0 hand axe!
You feel drained.
The wight closely misses your crimson imp.
The wight hits your white imp but does no damage.
The wight hits you with a +0 flail. The water moccasin bites you!
Your white imp hits the wight but does no damage.
Your bat closely misses the wight.
Your crimson imp completely misses the wight.
You hit the water moccasin.
Your weapon exudes an aura of protection.
You peck the water moccasin.
The water moccasin is moderately wounded.
Your bat completely misses the wight.
The water moccasin barely misses you. The wight closely misses you.
The wight hits your crimson imp with a +0 hand axe.
The wight hits your white imp but does no damage.
The wight hits you with a +0 flail!
The water moccasin bites you but does no damage.
The wight closely misses you.
Your crimson imp hits the wight but does no damage.
Your white imp closely misses the wight.
The wight hits you with a +0 hand axe.
* * * LOW HITPOINT WARNING * * *
The wight misses your crimson imp.
The wight hits your white imp with a +0 hand axe.
Your white imp dies!
The wight hits you but does no damage.
Casting: Summon Small Mammal (safe; 1% risk of failure)
Confirm with . or Enter, or press ? or * to list all spells.
Your bat misses the wight.
The water moccasin bites you but does no damage.
The wight completely misses you.
Your crimson imp hits the wight.
The wight hits you with a +0 hand axe!
* * * LOW HITPOINT WARNING * * *
You feel drained.
You die...

#........
.........
.........
........#
#.......###
#........r# .
#...b.S.ยง#....
#....z@.......
#.....zz.......
[....5.........
.......##......
......# ......
...... ......
#..... .....
###... ...##


You could see a water moccasin (ally target), 3 wights, a friendly crimson imp
(summoned), a friendly quokka (summoned) and a friendly bat (summoned).

Vanquished Creatures
  A water moccasin zombie (D:5)
  A scorpion (D:4)
  A bullfrog skeleton (D:4)
  2 iguanas
  3 worker ants (D:5)
  A hound skeleton (D:5)
  A dart slug (D:4)
  An orc (D:4)
  2 giant cockroaches
  A hobgoblin (D:2)
14 creatures vanquished.

Vanquished Creatures (collateral kills)
  Pikel (D:5)
  A lemure (D:5)
  A howler monkey (D:4)
  A centaur zombie (D:5)
  A bullfrog skeleton (D:5)
  A jelly (D:4)
  A hound (D:4)
  2 worker ants
  A hound skeleton (D:4)
  3 adders
  A worm (D:2)
  6 orcs
  2 bats (D:1)
  4 endoplasms
  3 giant cockroaches
  4 goblins
  4 hobgoblins (D:1)
  6 jackals
  7 kobolds
  3 quokkas
  6 ball pythons
  3 frilled lizards (D:1)
  5 rats
67 creatures vanquished.

Grand Total: 81 creatures vanquished

Notes
Turn   | Place    | Note
-------+----------+-------------------------------------------
     0 | D:1      | Lobster4 the Tengu Summoner began the quest for the Orb.
     0 | D:1      | Reached XP level 1. HP: 10/10 MP: 4/4
   157 | D:1      | Reached skill level 5 in Summonings
   310 | D:1      | Reached XP level 2. HP: 15/15 MP: 3/6
  1159 | D:2      | Found a blossoming altar of Fedhas.
  1354 | D:2      | Reached XP level 3. HP: 19/19 MP: 2/7
  1463 | D:2      | Learned a level 2 spell: Call Imp
  2364 | D:3      | Reached skill level 6 in Summonings
  2364 | D:3      | Reached XP level 4. HP: 21/24 MP: 4/8
  2432 | D:3      | Found an ancient bone altar of Kikubaaqudgha.
  2886 | D:4      | Gained mutation: You can fly continuously. [Tengu growth]
  2886 | D:4      | Reached XP level 5. HP: 28/28 MP: 3/10
  3044 | D:4      | Reached skill level 1 in Fighting
  3418 | D:4      | Reached skill level 7 in Summonings
  3492 | D:4      | Reached XP level 6. HP: 34/34 MP: 6/11
  3626 | D:5      | Entered Level 5 of the Dungeon
  3728 | D:5      | Noticed Pikel
  3738 | D:5      | Killed Pikel
  3739 | D:5      | Reached skill level 8 in Summonings
  3739 | D:5      | Reached XP level 7. HP: 40/40 MP: 3/13
  4157 | D:5      | Found a sparkling altar of Nemelex Xobeh.
  4497 | D:5      | Found a staircase to the Ecumenical Temple.
  4506 | Temple   | Entered the Ecumenical Temple
  4563 | Temple   | Became a worshipper of Cheibriados the Contemplative
  4742 | D:6      | HP: 1/39 [wight/+0 hand axe (11)]
  4742 | D:6      | Slain by a wight

Illustrated notes

Levels and vault maps discovered:
D:1:      minmay_arrival_up_and_down, layout_loops_ring, corner_web_ring
D:2:      layout_basic, fedhas_ov_isle_minmay
D:3:      layout_rooms, kiku_gazebo_garden_becter, corexii_leaking_fountain
D:4:      layout_gridville, hex_large
D:5:      layout_basic, nicolae_overflow_crystal_walls,
          minmay_temple_entry_antechambers, uniq_pikel
D:6:      layout_cave_pools, guppyfry_shop_venom
Temple:   compressed_dpeg_circular_temple

Skill      XL: |  1  2  3  4  5  6  7 |
---------------+----------------------+-----
Summonings     | 5 6 7 8 |  8.4
Dodging        | 3 |  3.0
Fighting       | 1 2 3 |  3.0
Spellcasting   | 3 4 |  4.0
Stealth        | |  2.0
Evocations     | |  0.1

Action                   |  1- 3 |  4- 6 |  7- 9 || total
-------------------------+-------+-------+-------++-------
Melee: Short sword       |     2 |       |       ||     2
       Kick              |     4 |     4 |     8 ||    16
       Mace              |     8 |     6 |       ||    14
       Peck              |     1 |     6 |     3 ||    10
       Flail             |       |    26 |    26 ||    52
Throw: Dart              |       |     1 |       ||     1
 Cast: Summon Small Mamm |   135 |    70 |    25 ||   230
       Call Imp          |       |     3 |    18 ||    21
  Use: Scroll            |       |     3 |       ||     3
       Potion            |       |       |     2 ||     2
 Stab: Distracted        |       |     1 |       ||     1
Armor: Robe              |     6 |    16 |    11 ||    33
Dodge: Dodged            |    17 |    29 |    36 ||    82

Table legend: (Time is in decaauts)
 A = Elapsed time spent in this place.
 B = Non-inter-level travel time spent in this place.
 C = Inter-level travel time spent in this place.
 D = Time resting spent in this place.
 E = Time spent auto-exploring this place.
 F = Levels seen in this place.
 G = Mean time per level.
                   A        B        C        D        E       F      G
               +--------+--------+--------+--------+--------+-----+--------+
         Total |   4808 |   4528 |    280 |    128 |   3200 |   7 |  686.9 |
       Dungeon |   4714 |   4443 |    271 |    128 |   3128 |   6 |  785.7 |
        Temple |     93 |     85 |      8 |      0 |     71 |   1 |   93.0 |
               +--------+--------+--------+--------+--------+-----+--------+

Top non-repeatable levels by time:
     D:4: 1091 daAuts
     D:1: 1069 daAuts
     D:5: 955 daAuts
     D:3: 909 daAuts
     D:2: 681 daAuts
  Temple: 93 daAuts
     D:6: 8 daAuts
